 Dungeon Crawl Stone Soup version 0.29-a0-340-g6efceafd81 (webtiles) character file.

Game seed: 17255968549710085058

168 spaghetti the Caller (level 5, 0/31 HPs)
             Began as an Octopode Summoner on Apr 19, 2022.
             Was a Believer of Lugonu.
             Succumbed to a scorpion's poison
             ... on level 3 of the Dungeon.
             The game lasted 00:05:59 (3245 turns).

spaghetti the Caller (Octopode Summoner)            Turns: 3245, Time: 00:06:00

Health: 0/31       AC:  1    Str:  8    XL:     5   Next: 49%
Magic:  3/8        EV: 13    Int: 25    God:    Lugonu [**....]
Gold:   122        SH:  0    Dex: 12    Spells: 3/9 levels left

rFire   . . .      SeeInvis .   n - +0 hand axe {axe}
rCold   . . .      Faith    .   (no shield)
rNeg    . . .      Spirit   .   (helmet restricted)
rPois   .          Reflect  .   (no amulet)
rElec   .          Harm     .   v - +6 ring of intelligence
rCorr   .          Rampage  .   (no ring)
Will    .....                   (no ring)
Stlth   +++.......              (no ring)
HPRegen 0.10/turn               (no ring)
MPRegen 0.11/turn               (no ring)
                                (no ring)
                                (no ring)

@: lethally poisoned (0 -> -6)
A: almost no armour, amphibious, 8 rings, camouflage 1, gelatinous body 1,
(nimble swimmer 1), tentacles
a: Renounce Religion, Depart the Abyss, Bend Space


You were on level 3 of the Dungeon.
You worshipped Lugonu.
Lugonu was pleased with you.
You visited 1 branch of the dungeon, and saw 3 of its levels.

You collected 122 gold pieces.


Innate Abilities, Weirdness & Mutations

You cannot wear most types of armour.
You are amphibious.
You can wear up to eight rings at the same time.
Your skin changes colour to match your surroundings (Stealth+).
Your rubbery body absorbs attacks. (AC +1, EV +1)
((You are camouflaged when in or above water. (Stealth+)))
You have tentacles for arms and can constrict up to eight enemies at once.


   Skills:
 - Level 2.0 Dodging
 - Level 2.6 Stealth
 + Level 2.5 Spellcasting
 + Level 6.0 Summonings
 + Level 1.5 Air Magic


You had 3 spell levels left.
You knew the following spells:

 Your Spells              Type           Power      Damage    Failure   Level
a - Summon Small Mammal   Summ           100%       N/A       1%          1
b - Call Imp              Summ           33%        N/A       1%          2
c - Call Canine Familiar  Summ           33%        N/A       2%          3

Your spell library contained the following spells:

 Spells                   Type           Power      Damage    Failure   Level
 Summon Guardian Golem    Hex/Summ       18%        N/A       10%         3
 Summon Lightning Spire   Summ/Air       22%        N/A       22%         4

Inventory:

Hand Weapons
 d - a +0 dagger {short}
   (You found it on level 1 of the Dungeon)
 g - a +0 dagger {short}
   (You found it on level 1 of the Dungeon)
 h - a +0 dagger {short}
   (You took it off a goblin on level 1 of the Dungeon)
 i - a +0 dagger {short}
   (You took it off a kobold on level 1 of the Dungeon)
 l - a +0 club {mace}
   (You took it off a goblin on level 1 of the Dungeon)
 n - a +0 hand axe (weapon) {axe}
   (You found it on level 1 of the Dungeon)
 r - a +0 morningstar {mace}
   (You took it off Terence on level 2 of the Dungeon)
 B - a +2 mace of holy wrath {mace}
   (You found it on level 3 of the Dungeon)
Missiles
 e - 99 stones {throwing}
 s - 6 curare-tipped darts {=fthrowing}
 y - 5 javelins {throwing}
 z - 8 poisoned darts {throwing}
Jewellery
 v - a +6 ring of intelligence (left tentacle)
   (You found it on level 2 of the Dungeon)
Scrolls
 c - a scroll of fear
 f - a scroll of magic mapping {unknown}
 j - 3 scrolls of identify {unknown}
 k - a scroll of enchant armour {unknown}
 m - a scroll of amnesia {unknown}
 o - 3 scrolls of holy word
 p - a scroll of blinking {unknown}
 t - a scroll of brand weapon {unknown}
 A - a scroll of immolation {unknown}
Potions
 a - a potion of magic
 b - a potion of resistance
 q - a potion of curing {@q1}
 u - a potion of haste {@q3}

Dungeon Overview and Level Annotations

Branches:
Dungeon (3/15)

Altars:
Lugonu

..# #.#.# #.# #.#
#.# #.#.# #.# #.#
#.# #.#.# #.####.#
#.###.#.# #....#.#
......#.# ####.#.#
........#######....#
#..)...............#
###.###.#######...##
#.###.## ##@##
#.##...#######h#
#...........##5#
#..#...####.##s#
#..##.## #.# #..##.#
..# #..##.# ..#
#..##.. ...# #..####
#.##


You could see a scorpion (ally target), a friendly hound (summoned) and a
friendly white imp (summoned).


Message History

The helpless hobgoblin fails to defend itself.
You hit the hobgoblin. You grab the hobgoblin.
You constrict the hobgoblin, but do no damage.
The hobgoblin hits you. 😕 HP[-4]
You take 4 damage, and now have 27/31 hp.
You are too injured to fight recklessly!
You are too injured to fight recklessly!
You are too injured to fight recklessly!
You are too injured to fight recklessly!
You are too injured to fight recklessly!
You are too injured to fight recklessly!
You are too injured to fight recklessly!
You are too injured to fight recklessly!
A hobgoblin is nearby!
A hobgoblin is nearby!
A hobgoblin is nearby!
You hit the hobgoblin.
You kill the hobgoblin!
Lugonu accepts your kill. 😕 HP[+1]
B - a +2 mace of holy wrath {mace} You now have 122 gold pieces (gained 16).
A scorpion comes into view. 😎 HP[+3]
Your hp is fully restored (31).
A scorpion is nearby!
A scorpion is nearby!
You barely miss the scorpion. Your grab misses the scorpion.
You squeeze the scorpion. The scorpion stings you. 😕 HP[-3]
You take 3 damage, and now have 28/31 hp.
You are too injured to fight recklessly!
You are too injured to fight recklessly!
You are too injured to fight recklessly!
You are too injured to fight recklessly!
You are too injured to fight recklessly!
You are too injured to fight recklessly!
You are too injured to fight recklessly!
You are too injured to fight recklessly!
You are too injured to fight recklessly!
You are too injured to fight recklessly!
You are too injured to fight recklessly!
You are too injured to fight recklessly!
Unknown command.
Casting: Summon Small Mammal (safe; 1% risk of failure)
Confirm with . or Enter, or press ? or * to list all spells.
You don't know that spell.
Casting: Summon Small Mammal (safe; 1% risk of failure)
Confirm with . or Enter, or press ? or * to list all spells.
The scorpion stings you. 😮 HP[-5] MP[-3]
You take 5 damage, and now have 23/31 hp.
You lost 3 mp, and now have 5/8 mp.
Unknown command.
Casting: Call Canine Familiar (dangerous; 2% risk of failure)
Confirm with . or Enter, or press ? or * to list all spells.
A beastly little devil appears in a puff of frigid air.
The scorpion stings you.
You are poisoned.
The scorpion poisons you! The scorpion stings you!
* * * LOW HITPOINT WARNING * * *
😨 HP[-12] MP[-2]
You take 12 damage, and now have 11/31 hp.
MASSIVE DAMAGE!! (PAUSE)
You lost 2 mp, and now have 3/8 mp.
You swap places.
* * * LOW HITPOINT WARNING * * *
You feel very sick.
The scorpion completely misses your white imp.
Your white imp hits the scorpion but does no damage. 😱 HP[-4]
You take 4 damage, and now have 7/31 hp.
It was a potion of haste.
You feel yourself speed up.
* * * LOW HITPOINT WARNING * * *
You feel sick. The scorpion misses your white imp.
Your white imp closely misses the scorpion. 😱 HP[-2]
You take 2 damage, and now have 5/31 hp.
Unknown command.
It was a potion of might.
You feel very mighty all of a sudden.
* * * LOW HITPOINT WARNING * * *
You feel sick.
The scorpion barely misses your white imp. 😱 HP[-2]
You take 2 damage, and now have 3/31 hp.
It was a potion of cancellation.
Your magical effects are unravelling.
You feel magically purged.
You feel yourself slow down.
You feel a little less mighty now.
* * * LOW HITPOINT WARNING * * *
You feel sick.
Your white imp barely misses the scorpion.
The scorpion stings your white imp. 😱 HP[-1]
You take 1 damage, and now have 2/31 hp.
You swap places.
You die...

Skill      XL: |  1  2  3  4  5 |
---------------+----------------+-----
Summonings     | 5 6 |  6.0
Air Magic      | 1 |  1.5
Dodging        | |  2.0
Stealth        | |  2.6
Spellcasting   | |  2.5

Action                   |  1- 3 |  4- 6 || total
-------------------------+-------+-------++-------
Melee: Tentacles         |     9 |     7 ||    16
       Unarmed           |     6 |       ||     6
       Constrict         |    13 |     9 ||    22
       Hand axe          |    25 |    21 ||    46
       Punch             |     1 |       ||     1
 Cast: Summon Small Mamm |    49 |     3 ||    52
       Call Imp          |    16 |     7 ||    23
       Call Canine Famil |       |     7 ||     7
  Use: Potion            |     4 |     3 ||     7
       Scroll            |       |     2 ||     2
 Stab: Sleeping          |     3 |     2 ||     5
       Distracted        |       |     1 ||     1
Armor: Skin              |     3 |     3 ||     6
Dodge: Dodged            |    27 |    16 ||    43

Levels and vault maps discovered:
D:1:      eino_arrival_cavern_a, layout_basic
D:2:      layout_loops_ring, shapermc_ecumenical_altar_ellora, uniq_terence
D:3:      layout_loops_ring, mainiacjoe_overflow_alcove_1, uniq_jessica

Notes
Turn   | Place    | Note
-------+----------+-------------------------------------------
     0 | D:1      | spaghetti the Octopode Summoner began the quest for the
                  | Orb.
     0 | D:1      | Reached XP level 1. HP: 11/11 MP: 3/3
     0 | D:1      | magus.rc [v1.9.6]
   343 | D:1      | Reached XP level 2. HP: 17/17 MP: 1/5
   697 | D:1      | Learned a level 2 spell: Call Imp
  1207 | D:2      | Found a faded altar of an unknown god.
  1252 | D:2      | Reached XP level 3. HP: 21/21 MP: 1/6
  1267 | D:2      | Prayed at the altar of an unknown god.
  1267 | D:2      | Became a worshipper of Lugonu the Unformed
  1267 | D:2      | Reached * piety under Lugonu
  1267 | D:2      | Reached ** piety under Lugonu
  1394 | D:2      | Reached skill level 5 in Summonings
  1458 | D:2      | Learned a level 3 spell: Call Canine Familiar
  1685 | D:2      | Noticed Terence
  1853 | D:2      | HP: 5/21 [Terence/+0 morningstar (11)]
  1859 | D:2      | Killed Terence
  1860 | D:2      | Reached XP level 4. HP: 15/27 MP: 1/7
  2942 | D:3      | Noticed Jessica
  2945 | D:3      | Killed Jessica
  3000 | D:3      | Reached skill level 1 in Air Magic
  3000 | D:3      | Reached XP level 5. HP: 27/31 MP: 1/8
  3003 | D:3      | Reached skill level 6 in Summonings
  3241 | D:3      | HP: 7/31 [poisoned by a scorpion]
  3243 | D:3      | HP: 3/31 [poisoned by a scorpion]
  3245 | D:3      | Succumbed to a scorpion's poison

Vanquished Creatures
  An orc priest (D:3)
  Terence (D:2)
  4 orcs (D:3)
  4 ball pythons
  2 bats (D:1)
  An endoplasm (D:2)
  2 giant cockroaches
  A goblin (D:1)
  3 hobgoblins
  2 kobolds
  A quokka (D:1)
  3 rats
25 creatures vanquished.

Vanquished Creatures (collateral kills)
  Jessica (D:3)
  An orc wizard (D:3)
  An adder (D:2)
  A dart slug (D:1)
  An orc (D:3)
  4 endoplasms
  2 giant cockroaches
  2 hobgoblins
  A quokka (D:1)
  2 ball pythons
  A bat (D:1)
  A frilled lizard (D:1)
  A goblin (D:1)
  A rat (D:1)
20 creatures vanquished.

Vanquished Creatures (others)
  A fungus (D:2)
  2 plants (D:2)
3 creatures vanquished.

Grand Total: 48 creatures vanquished

Table legend:
 A = Non-vault XP
 B = Vault XP
 C = Vault XP percentage of total XP
 D = Non-vault monster count
 E = Vault monster count
 F = Vault count percentage of total count
                 A         B        C        D         E       F
            +---------+---------+-------+---------+---------+-------
      Total |     168 |      73 |  30.3 |      43 |       2 |   4.4
            +---------+---------+-------+---------+---------+-------
        D:1 |      30 |       0 |   0.0 |      18 |       0 |   0.0
        D:2 |      33 |      36 |  52.2 |      12 |       1 |   7.7
        D:3 |     105 |      37 |  26.1 |      13 |       1 |   7.1
            +---------+---------+-------+---------+---------+-------

Illustrated notes

Table legend:
 A = Kills in this place as a percentage of kills in entire the game.
 B = Kills by you in this place as a percentage of kills by you in the entire game.
 C = Kills by friends in this place as a percentage of kills by friends in the entire game.
 D = Other kills in this place as a percentage of other kills in the entire game.
 E = Experience gained in this place as a percentage of experience gained in the entire game.
 F = Experience gained in this place divided by the number of levels of this place that you have seen.
                   A       B       C       D       E      F
               +-------+-------+-------+-------+-------+----------------------
         Total | 100.0 | 100.0 | 100.0 |   N/A | 100.0 |  80.3
       Dungeon | 100.0 | 100.0 | 100.0 |   N/A | 100.0 |  80.3
               +-------+-------+-------+-------+-------+----------------------

Table legend: (Time is in decaauts)
 A = Elapsed time spent in this place.
 B = Non-inter-level travel time spent in this place.
 C = Inter-level travel time spent in this place.
 D = Time resting spent in this place.
 E = Time spent auto-exploring this place.
 F = Levels seen in this place.
 G = Mean time per level.
                   A        B        C        D        E       F      G
               +--------+--------+--------+--------+--------+-----+--------+
         Total |   3257 |   3096 |    161 |    316 |   2210 |   3 | 1085.7 |
       Dungeon |   3257 |   3096 |    161 |    316 |   2210 |   3 | 1085.7 |
               +--------+--------+--------+--------+--------+-----+--------+

Top non-repeatable levels by time:
     D:2: 1325 daAuts
     D:1: 1122 daAuts
     D:3: 809 daAuts
